 Dungeon Crawl Stone Soup version 0.24-a0-106-gcea5463 (webtiles) character file.

Game seed: 1736536595583248090

2487 Oggle the Ogre Mage (level 9, -7/82 (84) HPs)
             Began as an Ogre Fire Elementalist on Feb 13, 2019.
             Was a Believer of Vehumet.
             Mangled by a wolf (9 damage)
             ... led by Grum
             ... on level 8 of the Dungeon.
             The game lasted 00:27:11 (9039 turns).

Oggle the Ogre Mage (Ogre Fire Elementalist)        Turns: 9039, Time: 00:27:11

HP:   -7/82 (84)    AC:  6    Str: 19    XL:     9   Next: 52%
MP:   20/20         EV: 10    Int: 18    God:    Vehumet [**....]
Gold: 577           SH:  0    Dex: 12    Spells: 7/23 levels left

rFire    . . .     SeeInvis +   B - +1 war axe (vamp)
rCold    . . .     Gourm    .   (no shield)
rNeg     . . .     Faith    .   a - +0 robe
rPois    .         Spirit   .   (helmet restricted)
rElec    .         Reflect  .   v - +0 cloak
rCorr    .         Harm     .   (gloves unavailable)
MR       +....                  (boots unavailable)
Stlth    ++........             (no amulet)
HPRegen  0.23/turn              n - +3 ring of dexterity
MPRegen  0.17/turn              p - ring of protection from magic

@: hasted, very quick
A: large, unfitting armour, horns 1, molten scales 1, see invisible, clever 1,
strong 1, tough skin 1, evolution 1
a: Renounce Religion


You were on level 8 of the Dungeon.
You worshipped Vehumet.
Vehumet was pleased with you.
You were not hungry.

You visited 2 branches of the dungeon, and saw 10 of its levels.
You also visited: Ossuary.

You collected 577 gold pieces.

Inventory:

Hand Weapons
 y - a +0 trident
 B - a +1 vampiric war axe (weapon)
 D - a +0 broad axe
Missiles
 i - 229 stones (quivered)
 m - 7 needles of confusion
 t - 11 tomahawks
 E - 2 poisoned tomahawks
 J - 23 poisoned needles
Armour
 a - a +0 robe (worn)
 v - a +0 cloak (worn)
Jewellery
 n - a +3 ring of dexterity (left hand)
 p - a ring of protection from magic (right hand)
 O - an uncursed ring of ice
Wands
 l - a wand of iceblast (13)
 C - a wand of random effects (37)
 I - a wand of paralysis (5)
 K - a wand of clouds (7)
Scrolls
 d - 2 scrolls of noise {unknown}
 f - 7 scrolls of remove curse
 q - a scroll of immolation {unknown}
 s - 4 scrolls of teleportation {unknown}
 u - a scroll of fog {unknown}
 A - 2 scrolls of magic mapping
 G - 3 scrolls of enchant weapon {unknown}
 H - a scroll of fear {unknown}
 L - a scroll of enchant armour {unknown}
 N - a scroll of amnesia {unknown}
Potions
 e - 2 potions of cancellation
 g - 2 potions of brilliance {unknown}
 h - a potion of mutation
 j - 2 potions of invisibility {unknown}
 k - 2 potions of heal wounds {unknown}
 o - 3 potions of might {unknown}
 r - 2 potions of haste
 w - 2 potions of lignification {unknown}
 x - 3 potions of degeneration {unknown}
 z - 4 potions of flight
 F - a potion of magic {unknown}
 M - 2 potions of curing {unknown}
Comestibles
 b - 3 chunks of flesh
 c - 18 rations


   Skills:
 + Level 4.2 Fighting
 + Level 5.9 Axes
 - Level 1.7 Dodging
 - Level 1.4 Stealth
 * Level 7.5 Spellcasting
 * Level 5.1 Conjurations
 * Level 6.0 Fire Magic


You had 7 spell levels left.
You knew the following spells:

 Your Spells              Type           Power        Failure   Level  Hunger
a - Flame Tongue          Conj/Fire      ####.        1%          1    None
b - Conjure Flame         Conj/Fire      ####....     3%          3    #......
c - Sticky Flame          Conj/Fire      ####....     11%         4    ###....
d - Inner Flame           Hex/Fire       ###.....     9%          3    #......
e - Fireball              Conj/Fire      ####......   28%         5    #####..

Your spell library contained the following spells:

 Spells                   Type           Power        Failure   Level  Hunger
 Sandblast                Erth           #.....       11%         1    None
 Throw Flame              Conj/Fire      ####..       1%          2    None
 Animate Skeleton         Necr           N/A          11%         1    None
 Apportation              Tloc           #.....       11%         1    None
 Confusing Touch          Hex            #.....       11%         1    None
 Summon Small Mammal      Summ           #...         11%         1    None
 Call Imp                 Summ           #.......     16%         2    None
 Call Canine Familiar     Summ           #.......     30%         3    #......
 Summon Guardian Golem    Hex/Summ       #.......     30%         3    #......
 Summon Ice Beast         Ice/Summ       #.......     71%         4    ###....
 Summon Lightning Spire   Summ/Air       #.......     71%         4    ###....


Dungeon Overview and Level Annotations

Branches:
Dungeon (9/15)             Temple (1/1) D:4
   Lair: D:8-11         Orc: D:9-12

Altars:
Ashenzari
Cheibriados
Dithmenos
Elyvilon
Fedhas
Hepliaklqana
Kikubaaqudgha
Makhleb
Nemelex Xobeh
Okawaru
Qazlal
Ru
Sif Muna
Trog
Uskayaw
Vehumet
Wu Jian
Xom
Yredelemnul
Zin
The Shining One

Annotations:
D:2 exclusion: downstairs
D:3 exclusion: downstairs
D:8 exclusion: 2 downstairs
D:9 Grum


Innate Abilities, Weirdness & Mutations

You are too large for most types of armour.
You have tough skin. (AC +1)
You have a pair of small horns on your head.
You are partially covered in molten scales. (AC +2)
You have supernaturally acute eyesight. (SInv)
Your mind is acute. (Int +2)
Your muscles are strong. (Str +2)
You evolve.


Message History

The wolf bites you!
Grum bares his teeth.
The wolf bites you. x2; The wolf closely misses you.
Grum hits you from afar with a +1 spear!!
The wolf bites you. The wolf completely misses you.
The wolf bites you but does no damage.
You climb upwards.
Level annotation: exclusion: 2 downstairs
There is a stone staircase leading down here.
The wolf bites you. The wolf barely misses you. x2
The wolf bites you!
* * * LOW HITPOINT WARNING * * *
The wolf closely misses you. x2; The wolf bites you.
* * * LOW HITPOINT WARNING * * *
The wolf bites you.
* * * LOW HITPOINT WARNING * * *
You feel yourself speed up. The wolf bites you!
* * * LOW HITPOINT WARNING * * *
The wolf bites you!
You die...

##.................#.....
#........................
###...#..................
##.........##..#####......
##.....#.#>##....# ###...#
#......#........### ##..#
#...#...h.........# ##...
##.###...##h......#####....
### #...h@#.......##...##.
###..h..............#..
#.....##.........#.....
##..#.###.#....####...⌠
#######..#.....###....
#.........#)...⌠
#...........##..
###........####. #..##..###
#.


You could see 3 wolves.

Vanquished Creatures
  Maurice (D:8)
  Eustachio (D:5)
  2 sky beasts
  2 black bears
  2 ogres
  A necrophage (D:8)
  A phantom (D:8)
  A centaur (D:9)
  3 bullfrogs
  3 scorpions
  2 crimson imps
  A bullfrog zombie (D:8)
  4 hounds
  A quasit (D:6)
  2 orc priests
  3 jellies (D:8)
  Crazy Yiuf (D:5)
  An iguana (D:4)
  2 orc wizards
  3 worker ants (D:4)
  A hound skeleton (D:4)
  8 mummies (Ossuary)
  A worker ant zombie (D:8)
  7 adders
  6 oozes
  An adder skeleton (D:4)
  A worm (D:2)
  2 dart slugs
  5 leopard geckos
  11 orcs
  4 giant cockroaches
  8 goblins
  5 hobgoblins
  5 jackals
  3 quokkas
  2 ball pythons
  7 bats
  4 frilled lizards
  A giant cockroach zombie (D:5)
  2 gnoll zombies (Ossuary)
  A goblin zombie (D:8)
  2 hobgoblin zombies (Ossuary)
  12 kobolds
  2 kobold zombies (Ossuary)
  2 orc zombies (Ossuary)
  10 rats
  A fungus (D:5)
151 creatures vanquished.

Notes
Turn   | Place    | Note
-------+----------+-------------------------------------------
     0 | D:1      | Oggle the Ogre Fire Elementalist began the quest for the
                  | Orb.
     0 | D:1      | Reached XP level 1. HP: 16/16 MP: 3/3
   214 | D:1      | Reached XP level 2. HP: 24/24 MP: 0/5
   773 | D:1      | Reached XP level 3. HP: 31/31 MP: 1/7
   880 | D:1      | Reached skill level 3 in Spellcasting
  1072 | D:2      | Found a glowing golden altar of the Shining One.
  1077 | D:2      | Learned a level 3 spell: Conjure Flame
  1185 | D:2      | Reached skill level 1 in Conjurations
  2155 | D:3      | Reached XP level 4. HP: 31/39 MP: 3/8
  3221 | D:3      | Reached skill level 4 in Spellcasting
  3221 | D:3      | Reached XP level 5. HP: 45/45 MP: 6/11
  3316 | D:4      | Learned a level 4 spell: Sticky Flame
  3547 | D:4      | Found a staircase to the Ecumenical Temple.
  3763 | Temple   | Entered the Ecumenical Temple
  3976 | Temple   | Became a worshipper of Vehumet
  4065 | D:4      | Reached XP level 6. HP: 34/54 MP: 12/12
  4267 | D:4      | Reached skill level 1 in Fighting
  4513 | D:4      | Reached skill level 1 in Axes
  4584 | D:4      | Reached skill level 5 in Spellcasting
  4638 | D:4      | Gained mutation: You have a pair of small horns on your
                  | head. [potion of mutation]
  4638 | D:4      | Gained mutation: You evolve. [potion of mutation]
  4638 | D:4      | Gained mutation: Your muscles are strong. (Str +2) [potion
                  | of mutation]
  4638 | D:4      | Gained mutation: You have supernaturally acute eyesight.
                  | (SInv) [potion of mutation]
  4643 | D:4      | Gained mutation: You are partially covered in molten
                  | scales. (AC +2) [evolution]
  4659 | D:5      | Entered Level 5 of the Dungeon
  4667 | D:5      | Learned a level 3 spell: Inner Flame
  4814 | D:5      | Found an ornate altar of the Wu Jian Council.
  4814 | D:5      | Found a glowing silver altar of Zin.
  4891 | D:5      | Noticed Eustachio
  4932 | D:5      | Killed Eustachio
  4932 | D:5      | Reached XP level 7. HP: 25/63 MP: 7/14
  5461 | D:5      | Found a sacrificial altar of Ru.
  5605 | D:5      | Found a runed translucent door.
  5606 | D:5      | Noticed Crazy Yiuf
  5616 | D:5      | Killed Crazy Yiuf
  6253 | D:6      | Reached XP level 8. HP: 69/74 MP: 8/16
  6425 | D:6      | Found a stormy altar of Qazlal.
  6474 | D:6      | Found a snail-covered altar of Cheibriados.
  6475 | D:6      | Found a glowing golden altar of the Shining One.
  6475 | D:6      | Found a basalt altar of Yredelemnul.
  6701 | D:7      | Reached skill level 5 in Fire Magic
  7030 | D:7      | Reached skill level 6 in Spellcasting
  7372 | D:7      | Found a deep blue altar of Sif Muna.
  7772 | D:8      | Reached * piety under Vehumet
  7772 | D:8      | Offered knowledge of Sting by Vehumet.
  7791 | D:8      | Found a white marble altar of Elyvilon.
  7868 | D:8      | Found a sand-covered staircase.
  7875 | D:8      | Found a sparkling altar of Nemelex Xobeh.
  7878 | Ossuary  | Entered an ossuary
  7904 | Ossuary  | Gained mutation: Your mind is acute. (Int +2) [evolution]
  8134 | Ossuary  | Reached skill level 5 in Axes
  8331 | D:8      | Noticed Maurice
  8394 | D:8      | Reached XP level 9. HP: 37/82 MP: 8/18
  8608 | D:8      | Learned a level 5 spell: Fireball
  8682 | D:8      | Reached ** piety under Vehumet
  8682 | D:8      | Offered knowledge of Sandblast by Vehumet.
  8743 | D:8      | Reached skill level 7 in Spellcasting
  8746 | D:8      | Killed Maurice
  8864 | D:8      | Reached skill level 5 in Conjurations
  8893 | D:9      | Found a hide-covered altar of Uskayaw.
  8972 | D:9      | Noticed a green ugly thing
  8972 | D:9      | Noticed a two-headed ogre
  8988 | D:9      | Noticed a two-headed ogre
  9027 | D:9      | Noticed Grum
  9039 | D:8      | HP: 2/82 [wolf[Grum] (8)]
  9039 | D:8      | Mangled by a wolf

Levels and vault maps discovered:
D:1:      minmay_arrival_three_doors, layout_basic
D:2:      layout_basic, minmay_misc_feat_plants, lemuel_tele_altar
D:3:      layout_basic
D:4:      layout_basic, minmay_temple_entry_overgrown
D:5:      layout_loops_cross, gammafunk_temple_overflow_elements,
          marbit_many_paths, first_ration, uniq_eustachio,
          uniq_crazy_yiuf_cottage
D:6:      layout_basic, chequers_temple_overflow_statue_of_worship,
          serial_park_tiny_1, nicolae_qazlal_eye_of_the_storm
D:7:      layout_loops_ring, kennysheep_little_box
D:8:      layout_cave_pools, nemelex_xobeh_ov_fountains_minmay, basic_altar,
          enter_ossuary_3, hangedman_little_slice_of_home, uniq_maurice
D:9:      minmay_cut_squares, layout_cave_pools, grunt_temple_overflow_open,
          hiddenorc2_lemuel, nicolae_underground_beach, uniq_grum
Temple:   minmay_temple_curvy_loop
Ossuary:  ossuary_tomb_3

Skill      XL: |  1  2  3  4  5  6  7  8  9 |
---------------+----------------------------+-----
Fire Magic     | 3 4 5 6 |  6.0
Spellcasting   | 3 4 5 6 7 |  7.5
Conjurations   | 1 2 3 4 5 |  5.1
Fighting       | 1 2 3 4 |  4.2
Axes           | 2 3 5 |  5.9
Dodging        | |  1.7
Stealth        | |  1.4

Action                   |  1- 3 |  4- 6 |  7- 9 || total
-------------------------+-------+-------+-------++-------
Melee: Dagger            |     1 |    26 |       ||    27
       War axe           |       |    26 |   115 ||   141
       Headbutt          |       |     1 |    14 ||    15
 Cast: Flame Tongue      |    75 |    84 |   103 ||   262
       Sticky Flame      |       |     1 |     7 ||     8
       Conjure Flame     |       |     1 |     4 ||     5
  Use: Scroll            |       |     4 |     2 ||     6
       Potion            |       |     2 |     1 ||     3
 Stab: Sleeping          |       |       |     4 ||     4
  Eat: Chunk             |     4 |     6 |     8 ||    18
       Ration            |       |     2 |     2 ||     4
Armor: Robe              |     4 |    37 |    70 ||   111
Dodge: Dodged            |    14 |    82 |   101 ||   197

Table legend:
 A = Non-vault XP
 B = Vault XP
 C = Vault XP percentage of total XP
 D = Non-vault monster count
 E = Vault monster count
 F = Vault count percentage of total count
                 A         B        C        D         E       F
            +---------+---------+-------+---------+---------+-------
      Total |    2531 |    1023 |  28.8 |     121 |      29 |  19.3
            +---------+---------+-------+---------+---------+-------
        D:1 |      40 |       0 |   0.0 |      23 |       0 |   0.0
        D:2 |      38 |       0 |   0.0 |      18 |       0 |   0.0
        D:3 |     115 |       0 |   0.0 |      29 |       0 |   0.0
        D:4 |     404 |       0 |   0.0 |      14 |       0 |   0.0
        D:5 |      49 |     238 |  82.9 |       2 |       3 |  60.0
        D:6 |     441 |       0 |   0.0 |       7 |       0 |   0.0
        D:7 |     396 |       0 |   0.0 |       8 |       0 |   0.0
        D:8 |     877 |     633 |  41.9 |      17 |      10 |  37.0
        D:9 |     171 |       0 |   0.0 |       3 |       0 |   0.0
    Ossuary |       0 |     152 | 100.0 |       0 |      16 | 100.0
            +---------+---------+-------+---------+---------+-------
